FSL
LAKELAND FLYING TIGERS @ CHARLOTTE STONE CRABS
07/16/2098
 
TOP OF THE 1ST
Lakeland Flying Tigers batting - Pitching for Charlotte Stone Crabs : RHP Eddie Melendez
Pitching: RHP Eddie Melendez
Batting: RHB Quincy Behan 0-0: Called Strike
0-1: DOUBLE (Line Drive, 9LM, EV 111.3 MPH)
Batting: LHB Ron Devers 0-0: Ball
1-0: Ball
2-0: Ball
3-0: Called Strike
3-1: Ground out 4-3 (Groundball, 4, EV 102.5 MPH)
Quincy Behan to third
Batting: RHB Ruben Garcia 0-0: Foul Ball, location: 2F
0-1: Called Strike
0-2: Strikes out swinging
Batting: LHB Dusty Ancona 0-0: Called Strike
0-1: Ball
1-1: Called Strike
1-2: Ball
2-2: Foul Ball, location: 2F
2-2: Ground out 4-3 (Groundball, 4S, EV 84.4 MPH)
Top of the 1st over - 0 runs, 1 hit, 0 errors, 1 left on base; Lakeland 0 - Charlotte 0
BOTTOM OF THE 1ST
Charlotte Stone Crabs batting - Pitching for Lakeland Flying Tigers : RHP Shane Chappell
Pitching: RHP Shane Chappell
Batting: RHB Mike Woods 0-0: SINGLE (Groundball, 4M, EV 101.9 MPH) (infield hit)
Batting: RHB Estaçio Barrocas 0-0: Ball
1-0: Foul Ball, location: 3F
1-1: Fielders Choice at 2nd, 6-4 (Groundball, 6, EV 102.5 MPH)
Batting: RHB Eric Watts 0-0: Foul Ball, location: 2F
0-1: Fly out, F9 (Flyball, 9, EV 94.4 MPH)
Batting: LHB Matt Flagg 0-0: Ball
1-0: Fly out, F8 (Flyball, 8RXD, EV 91.3 MPH)
Bottom of the 1st over - 0 runs, 1 hit, 0 errors, 1 left on base; Lakeland 0 - Charlotte 0
TOP OF THE 2ND
Lakeland Flying Tigers batting - Pitching for Charlotte Stone Crabs : RHP Eddie Melendez
Batting: RHB Ed Hochstetler 0-0: Ground out 4-3 (Groundball, P, EV 83.8 MPH)
Batting: LHB Alex Pacheco 0-0: Ball
1-0: Called Strike
1-1: Ball
2-1: Ground out 4-3 (Groundball, 34D, EV 97.5 MPH)
Batting: RHB Joe McFadden 0-0: Ball
1-0: Called Strike
1-1: Swinging Strike
1-2: Fly out, F7 (Flyball, 78M, EV 92.5 MPH)
Top of the 2nd over - 0 runs, 0 hits, 0 errors, 0 left on base; Lakeland 0 - Charlotte 0
BOTTOM OF THE 2ND
Charlotte Stone Crabs batting - Pitching for Lakeland Flying Tigers : RHP Shane Chappell
Batting: RHB Jeff Rock 0-0: Called Strike
0-1: SINGLE (Line Drive, 7S, EV 103.8 MPH)
Batting: RHB Alex Soto 0-0: Foul Ball, location: 9LMF
0-1: Fly out, F9 (Flyball, 89M, EV 91.9 MPH)
Batting: LHB Ryan Gutierrez 0-0: Ball
1-0: Called Strike
1-1: Foul Ball, location: 2F
1-2: Ball
2-2: Foul Ball, location: 2F
2-2: Fly out, F9 (Flyball, 89D, EV 106.3 MPH)
Batting: LHB Ivan Santana 0-0: Ball
1-0: Swinging Strike
1-1: Called Strike
1-2: Strikes out swinging
Bottom of the 2nd over - 0 runs, 1 hit, 0 errors, 1 left on base; Lakeland 0 - Charlotte 0
TOP OF THE 3RD
Lakeland Flying Tigers batting - Pitching for Charlotte Stone Crabs : RHP Eddie Melendez
Batting: RHB Chris Bowman 0-0: Ball
1-0: Ball
2-0: Swinging Strike
2-1: DOUBLE (Flyball, 78XD, EV 103.8 MPH)
Batting: LHB Mike Giordano 0-0: Called Strike
0-1: Ball
1-1: Called Strike
1-2: Foul Ball, location: 2F
1-2: Ball
2-2: Ball
3-2: Base on Balls
Batting: RHB Quincy Behan 0-0: Called Strike
0-1: Bunted foul
0-2: Fielders Choice at 2nd, 1-6 (Groundball, 34S, EV 68.1 MPH)
Chris Bowman to third
Batting: LHB Ron Devers 0-0: Ball
1-0: Called Strike
Quincy Behan steals 2nd base
1-1: Ball
2-1: Called Strike
2-2: Ground out 6-3 (Groundball, 6, EV 80.6 MPH)
Chris Bowman scores
Quincy Behan to third
Batting: RHB Ruben Garcia 0-0: Foul Ball, location: 2F
0-1: Ball
1-1: Called Strike
1-2: Fly out, F7 (Flyball, 7, EV 91.9 MPH)
Top of the 3rd over - 1 run, 1 hit, 0 errors, 1 left on base; Lakeland 1 - Charlotte 0
BOTTOM OF THE 3RD
Charlotte Stone Crabs batting - Pitching for Lakeland Flying Tigers : RHP Shane Chappell
Batting: SHB Will MacKenna 0-0: Ground out 1-3 (Groundball, 15S, EV 66.9 MPH)
Batting: RHB Mike Woods 0-0: Ball
1-0: Called Strike
1-1: Ball
2-1: Ground out 6-3 (Groundball, 6, EV 85.6 MPH)
Batting: RHB Estaçio Barrocas 0-0: Ball
1-0: Swinging Strike
1-1: Ball
2-1: Swinging Strike
2-2: Strikes out looking
Bottom of the 3rd over - 0 runs, 0 hits, 0 errors, 0 left on base; Lakeland 1 - Charlotte 0
TOP OF THE 4TH
Lakeland Flying Tigers batting - Pitching for Charlotte Stone Crabs : RHP Eddie Melendez
Batting: LHB Dusty Ancona 0-0: Called Strike
0-1: Foul Ball, location: 2F
0-2: Ball
1-2: Fly out, F4 (Popup, 23, EV 86.9 MPH)
Batting: RHB Ed Hochstetler 0-0: Fly out, F9 (Flyball, 9, EV 85.0 MPH)
Batting: LHB Alex Pacheco 0-0: Ball
1-0: Ground out 4-3 (Groundball, 4, EV 83.1 MPH)
Top of the 4th over - 0 runs, 0 hits, 0 errors, 0 left on base; Lakeland 1 - Charlotte 0
BOTTOM OF THE 4TH
Charlotte Stone Crabs batting - Pitching for Lakeland Flying Tigers : RHP Shane Chappell
Batting: RHB Eric Watts 0-0: Ball
1-0: Foul Ball, location: 3F
1-1: Ball
2-1: Fly out, F8 (Flyball, 8RD, EV 104.4 MPH)
Batting: LHB Matt Flagg 0-0: Called Strike
0-1: Ball
1-1: Foul Ball, location: 7LSF
1-2: Ball
2-2: Ball
3-2: Foul Ball, location: 3FF
3-2: Foul Ball, location: 9LSFF
3-2: Base on Balls
Pitching: RHP Brad D'Attilo
Batting: RHB Jeff Rock 0-0: Swinging Strike
0-1: SINGLE (Line Drive, 89S, EV 96.9 MPH)
Matt Flagg to second
Batting: RHB Alex Soto 0-0: DOUBLE (Flyball, 8LXD, EV 95.0 MPH)
Matt Flagg scores
Jeff Rock to third
Runner from 3rd tries for Home, SAFE, throw by CF to trailing runner, SAFE at third!
Batting: LHB Ryan Gutierrez 0-0: Called Strike
0-1: Ball
1-1: Foul Ball, location: 7LMF
1-2: Ball
2-2: Ball
3-2: Base on Balls
Batting: LHB Ivan Santana 0-0: Ball
1-0: Foul Ball, location: 2F
1-1: Foul Ball, location: 9LSFF
1-2: Ball
2-2: Ground out 4-3 (Groundball, 34D, EV 106.9 MPH)
Alex Soto scores
Ryan Gutierrez to second
Batting: SHB Will MacKenna 0-0: Fly out, F8 (Flyball, 78M, EV 77.5 MPH)
Bottom of the 4th over - 3 runs, 2 hits, 0 errors, 1 left on base; Lakeland 1 - Charlotte 3
TOP OF THE 5TH
Lakeland Flying Tigers batting - Pitching for Charlotte Stone Crabs : RHP Eddie Melendez
Batting: RHB Joe McFadden 0-0: Called Strike
0-1: Foul Ball, location: 2F
0-2: Ball
1-2: Ball
2-2: Ball
3-2: Fly out, F6 (Popup, 6MD, EV 72.5 MPH)
Batting: RHB Chris Bowman 0-0: Ground out 6-3 (Groundball, 6M, EV 91.3 MPH)
Batting: LHB Mike Giordano 0-0: Called Strike
0-1: Called Strike
0-2: Ball
1-2: Strikes out swinging
Top of the 5th over - 0 runs, 0 hits, 0 errors, 0 left on base; Lakeland 1 - Charlotte 3
BOTTOM OF THE 5TH
Charlotte Stone Crabs batting - Pitching for Lakeland Flying Tigers : RHP Brad D'Attilo
Batting: RHB Mike Woods 0-0: Foul Ball, location: 5F
0-1: Foul Ball, location: 9LDF
0-2: Ball
1-2: Foul Ball, location: 9LDF
1-2: Ball
2-2: Foul Ball, location: 7LMFF
2-2: Strikes out looking
Batting: RHB Estaçio Barrocas 0-0: Ball
1-0: Ground out U3 (Groundball, 3, EV 85.6 MPH)
Batting: RHB Eric Watts 0-0: Swinging Strike
0-1: Foul Ball, location: 9LMF
0-2: Foul Ball, location: 2F
0-2: Ball
1-2: Foul Ball, location: 9LDF
1-2: Ball
2-2: Foul Ball, location: 7LDF
2-2: Strikes out swinging
Bottom of the 5th over - 0 runs, 0 hits, 0 errors, 0 left on base; Lakeland 1 - Charlotte 3
TOP OF THE 6TH
Lakeland Flying Tigers batting - Pitching for Charlotte Stone Crabs : RHP Eddie Melendez
Batting: RHB Quincy Behan 0-0: Called Strike
0-1: Ball
1-1: Called Strike
1-2: Strikes out swinging
Batting: LHB Ron Devers 0-0: Ground out 4-3 (Groundball, 4D, EV 112.5 MPH)
Batting: RHB Ruben Garcia 0-0: Ball
1-0: SINGLE (Line Drive, 8LS, EV 106.9 MPH)
Batting: LHB Dusty Ancona 0-0: Called Strike
0-1: Called Strike
0-2: Ball
1-2: Strikes out swinging
Top of the 6th over - 0 runs, 1 hit, 0 errors, 1 left on base; Lakeland 1 - Charlotte 3
BOTTOM OF THE 6TH
Charlotte Stone Crabs batting - Pitching for Lakeland Flying Tigers : RHP Brad D'Attilo
Batting: LHB Matt Flagg 0-0: Ball
1-0: Called Strike
1-1: Ground out U3 (Groundball, 3L, EV 100.0 MPH)
Batting: RHB Jeff Rock 0-0: Ground out 3-1 (Groundball, 34, EV 83.8 MPH)
Batting: RHB Alex Soto 0-0: Foul Ball, location: 2F
0-1: Swinging Strike
0-2: Foul Ball, location: 7LMF
0-2: Ball
1-2: Ball
2-2: Ball
3-2: Strikes out swinging
Bottom of the 6th over - 0 runs, 0 hits, 0 errors, 0 left on base; Lakeland 1 - Charlotte 3
TOP OF THE 7TH
Lakeland Flying Tigers batting - Pitching for Charlotte Stone Crabs : RHP Eddie Melendez
Batting: RHB Ed Hochstetler 0-0: Called Strike
0-1: Ball
1-1: Swinging Strike
1-2: Fly out, F4 (Popup, 4MS, EV 58.8 MPH)
Batting: LHB Alex Pacheco 0-0: Foul Ball, location: 3F
0-1: Ball
1-1: Ball
2-1: DOUBLE (Line Drive, 78D, EV 106.9 MPH)
Batting: RHB Joe McFadden 0-0: Ball
1-0: Called Strike
1-1: Swinging Strike
1-2: Foul Ball, location: 25F
1-2: Foul Ball, location: 2F
1-2: Foul Ball, location: 3DF
1-2: Ball
2-2: Foul Ball, location: 23F
2-2: Foul Ball, location: 2F
2-2: Fly out, F9 (Line Drive, 89M, EV 90.6 MPH)
Pitching: RHP Yukio Ito
Pinch Hitting: LHB Andrew Cassella 0-0: Ball
1-0: Foul Ball, location: 3FF
1-1: Foul Ball, location: 2LF
1-2: Strikes out swinging
Top of the 7th over - 0 runs, 1 hit, 0 errors, 1 left on base; Lakeland 1 - Charlotte 3
BOTTOM OF THE 7TH
Charlotte Stone Crabs batting - Pitching for Lakeland Flying Tigers : RHP Brad D'Attilo
Now in RF: Andrew Cassella
Batting: LHB Ryan Gutierrez 0-0: Foul Ball, location: 2F
0-1: Ground out 1-3 (Groundball, 13S, EV 73.1 MPH)
Batting: LHB Ivan Santana 0-0: Called Strike
0-1: Ground out 1-3 (Groundball, 13S, EV 72.5 MPH)
Batting: SHB Will MacKenna 0-0: Foul Ball, location: 7LSF
0-1: Swinging Strike
0-2: Strikes out swinging
Bottom of the 7th over - 0 runs, 0 hits, 0 errors, 0 left on base; Lakeland 1 - Charlotte 3
TOP OF THE 8TH
Lakeland Flying Tigers batting - Pitching for Charlotte Stone Crabs : RHP Yukio Ito
Pitching: RHP Josh Carr
Batting: LHB Mike Giordano 0-0: Ball
1-0: Ball
2-0: Called Strike
2-1: Ball
3-1: Called Strike
3-2: Foul Ball, location: 2F
3-2: Ground out 3-1 (Groundball, 34, EV 100.6 MPH)
Pinch Hitting: LHB Ted Oetken 0-0: Ball
1-0: Called Strike
1-1: Ground out U3 (Groundball, 3L, EV 100.6 MPH)
Batting: LHB Ron Devers 0-0: Called Strike
0-1: Swinging Strike
0-2: Ball
1-2: Ball
2-2: Strikes out looking
Top of the 8th over - 0 runs, 0 hits, 0 errors, 0 left on base; Lakeland 1 - Charlotte 3
BOTTOM OF THE 8TH
Charlotte Stone Crabs batting - Pitching for Lakeland Flying Tigers : RHP Brad D'Attilo
Now at 2B: Ted Oetken
Now at SS: Dusty Ancona
Batting: RHB Mike Woods 0-0: Swinging Strike
0-1: Ball
1-1: Ground out 6-3 (Groundball, 6MS, EV 92.5 MPH)
Batting: RHB Estaçio Barrocas 0-0: Called Strike
0-1: Called Strike
0-2: Ball
1-2: Foul Ball, location: 23FF
1-2: Ball
2-2: Ground out 5-3 (Groundball, 56, EV 88.1 MPH)
Batting: RHB Eric Watts 0-0: Ball
1-0: Ball
2-0: Ball
3-0: Called Strike
3-1: Called Strike
3-2: Base on Balls
Batting: LHB Matt Flagg 0-0: Ball
1-0: Ball
2-0: Fly out, F8 (Flyball, 8LXD, EV 101.3 MPH)
Bottom of the 8th over - 0 runs, 0 hits, 0 errors, 1 left on base; Lakeland 1 - Charlotte 3
TOP OF THE 9TH
Lakeland Flying Tigers batting - Pitching for Charlotte Stone Crabs : RHP Josh Carr
Now at 1B: Andy Pyszka
Now in LF: John Christopher
Now in RF: Paul Haynes
Batting: RHB Ruben Garcia 0-0: Ball
1-0: Swinging Strike
1-1: Swinging Strike
1-2: Ball
2-2: Strikes out swinging
Batting: LHB Dusty Ancona 0-0: Swinging Strike
0-1: Foul Ball, location: 2F
0-2: Ball
1-2: Ball
2-2: Foul Ball, location: 2F
2-2: Foul Ball, location: 25F
2-2: Ball
3-2: Foul Ball, location: 9LSF
3-2: Ground out U3 (Groundball, 3L, EV 90.6 MPH)
Batting: RHB Ed Hochstetler 0-0: Swinging Strike
0-1: Ball
1-1: Foul Ball, location: 9LMF
1-2: Strikes out swinging
Top of the 9th over - 0 runs, 0 hits, 0 errors, 0 left on base; Lakeland 1 - Charlotte 3
Tuesday, April 9th , 2024 - OOTP Baseball 24.11 Build 85